 Dungeon Crawl Stone Soup version 0.30.0-29-ga12c61a403 (webtiles) character file.

Game seed: 3072473628546098260

102 ChadusMaximus the Caller (level 5, -2/32 (35) HPs)
             Began as a Human Summoner on June 9, 2023.
             Killed from afar by an orc wizard (8 damage)
             ... with a magic dart
             ... on level 3 of the Dungeon.
             The game lasted 00:04:10 (2729 turns).

ChadusMaximus the Caller (Human Summoner)           Turns: 2729, Time: 00:04:11

HP:   -2/32 (35)    AC:  3    Str:  8    XL:     5   Next: 6%
MP:   4/10          EV: 12    Int: 17    God:
Gold: 125           SH:  5    Dex: 14    Spells: 4/10 levels left

rFire   . . .        j - +3 short sword
rCold   . . .        (no shield)
rNeg    . . .        a - +0 robe
rPois   .            (no helmet)
rElec   .            (no cloak)
rCorr   .            m - +0 pair of gloves
SInv    .            (no boots)
Will    .....        o - amulet of reflection
Stlth   ++           (no ring)
HPRegen 0.25/turn    (no ring)
MPRegen 0.12/turn

%: reflection
@: about to teleport, drained
A: no striking features
a: no special abilities


You were on level 3 of the Dungeon.
You visited 1 branch of the dungeon, and saw 3 of its levels.

You collected 125 gold pieces.

Inventory:

Hand Weapons
 d - a +0 trident
 j - a +3 short sword (weapon)
Armour
 a - a +0 robe (worn)
 m - a +0 pair of gloves (worn)
Jewellery
 o - an amulet of reflection (around neck)
Scrolls
 c - a scroll of fog {unknown}
 e - a scroll of silence {unknown}
 g - a scroll of immolation
 l - a scroll of fear {unknown}
 n - 2 scrolls of teleportation
 p - a scroll of enchant weapon {unknown}
 r - a scroll of identify {unknown}
Potions
 b - a potion of magic
 f - a potion of haste {unknown}
 h - a potion of curing {unknown}
 i - 2 potions of berserk rage {unknown}
 k - a potion of degeneration {unknown}
 q - 2 potions of mutation {unknown}


   Skills:
 - Level 2.0 Dodging
 - Level 2.0 Stealth
 + Level 3.4 Spellcasting
 + Level 5.1 Summonings


You had 4 spell levels left.
You knew the following spells:

 Your Spells              Type           Power      Damage    Failure   Level
a - Summon Small Mammal   Summ           80%        N/A       1%          1
b - Call Canine Familiar  Summ           20%        N/A       6%          3
c - Call Imp              Summ           40%        N/A       3%          2

Your spell library contained the following spells:

 Spells                   Type           Power      Damage    Failure   Level
 Summon Guardian Golem    Hex/Summ       11%        N/A       19%         3
 Lesser Beckoning         Tloc           4%         N/A       26%         2
 Gell's Gravitas          Tloc           2%         N/A       45%         3
 Teleport Other           Tloc           2%         N/A       45%         3
 Summon Lightning Spire   Summ/Air       11%        N/A       52%         4


Dungeon Overview and Level Annotations

Branches:
Dungeon (3/15)

Altars:
Kikubaaqudgha

Shops:
D:1 [

Annotations:
D:3 2 runed translucent doors, Crazy Yiuf


Message History

The boomerang barely misses you.
Are you sure you want to stumble around while confused and next to your hound? [Y]es or [N]o only, please.
Are you sure you want to stumble around while confused and next to your hound?
You hit your hound.
Your hound is heavily wounded.
Your hound disappears in a puff of smoke!
You bump into the rock wall.
The orc throws a boomerang.
The boomerang hits you.
You bump into the rock wall.
You feel less confused. Something hits you but does no damage.
You feel drained.
The orc throws a boomerang.
Something hits you.
You feel drained. You block something's attack.
You hear some strange, mumbled words.
A puff of flame appears from out of thin air!
The puff of flame hits you!
The orc throws a boomerang.
You block the boomerang with an invisible shield... and reflect it back!
The orc throws a boomerang.
You block the boomerang with an invisible shield... and reflect it back!
The boomerang hits the orc.
A magic dart appears from out of thin air!
The magic dart hits you.
A magic dart appears from out of thin air!
The magic dart hits you!
* * * LOW HITPOINT WARNING * * *
As you read the scroll labelled OBLYBECATA, it crumbles to dust.
The creatures around you are filled with an inner flame!
It was a scroll of immolation.
An orc is nearby!
As you read the scroll labelled ZUV APSYRAN, it crumbles to dust.
You feel strangely unstable.
It was a scroll of teleportation.
There are monsters nearby!
There are monsters nearby!
There are monsters nearby!
There are monsters nearby!
A magic dart appears from out of thin air!
The magic dart hits you!
You die...

#.# #.# #.# #) #.# #.#### #.#
## #.# #....###.# #.#
#.##.....# #o# #.######## #o#
#.# #o# #.# #.# #.# #.# #@# #.#
#.#
#.############.################
#......o.o...{.................
##############.################
#.################
#.................
#.################ ###


There were no monsters in sight!

Vanquished Creatures
  A gnoll (D:3)
  A worm (D:2)
  4 bats
  A bat zombie (D:3)
  4 endoplasms
  A giant cockroach (D:2)
  5 goblins
  5 hobgoblins (D:1)
  2 jackals (D:3)
  2 quokkas (D:2)
  4 ball pythons
  A frilled lizard (D:2)
  3 kobolds
  4 rats
  A rat zombie (D:3)
39 creatures vanquished.

Vanquished Creatures (collateral kills)
  2 gnolls (D:3)
  An adder (D:3)
  2 bats
  An endoplasm (D:3)
  A goblin (D:1)
  2 hobgoblins
  5 jackals
  2 rats (D:1)
16 creatures vanquished.

Grand Total: 55 creatures vanquished

Notes
Turn   | Place    | Note
-------+----------+-------------------------------------------
     0 | D:1      | ChadusMaximus the Human Summoner began the quest for the
                  | Orb.
     0 | D:1      | Reached XP level 1. HP: 13/13 MP: 3/3
   121 | D:1      | Reached XP level 2. HP: 2/19 MP: 1/5
   329 | D:1      | Found a faded altar of an unknown god.
   468 | D:1      | Found Yklyag's Armour Shoppe.
   798 | D:1      | Reached XP level 3. HP: 19/24 MP: 3/6
  1832 | D:2      | Reached XP level 4. HP: 30/30 MP: 8/8
  1902 | D:2      | Learned a level 3 spell: Call Canine Familiar
  1905 | D:2      | Learned a level 2 spell: Call Imp
  2274 | D:3      | Reached skill level 5 in Summonings
  2315 | D:3      | Reached XP level 5. HP: 29/35 MP: 3/10
  2457 | D:3      | Found a runed translucent door.
  2458 | D:3      | Noticed Crazy Yiuf
  2577 | D:3      | Found an ancient bone altar of Kikubaaqudgha.
  2679 | D:3      | Found a large runed translucent door.
  2729 | D:3      | Killed from afar by an orc wizard

Illustrated notes

Levels and vault maps discovered:
D:1:      matt_arrival_diagonals, layout_basic, serial_shops, shop,
          ebering_ecumenical_altar_mist, minivault_5
D:2:      layout_basic
D:3:      layout_basic, lemuel_zombie_altar_kikubaaqudgha,
          ebering_ghost_disaster_area, uniq_jessica, uniq_crazy_yiuf_cottage

Skill      XL: |  1  2  3  4 |
---------------+-------------+-----
Spellcasting   | 3 |  3.4
Summonings     | 5 |  5.1
Dodging        | |  2.0
Stealth        | |  2.0

Action                     |  1- 3 |  4- 6 || total
---------------------------+-------+-------++-------
  Melee: Trident           |    59 |       ||    59
         Short sword       |    38 |    26 ||    64
   Cast: Summon Small Mamm |    20 |     2 ||    22
         Call Imp          |       |     6 ||     6
         Call Canine Famil |       |     6 ||     6
    Use: Scroll            |       |     2 ||     2
   Stab: Sleeping          |     7 |     2 ||     9
 Armour: Robe              |    18 |    10 ||    28
  Dodge: Dodged            |    80 |    26 ||   106
  Block: Other             |       |     5 ||     5
         Reflection        |       |     2 ||     2
